 Dungeon Crawl Stone Soup version 0.23-a0-150-g7664ed78f7 (webtiles) character file.

7 Holzbalken the Stinger (level 2, 0/19 HPs)
             Began as a Merfolk Venom Mage on Sept 7, 2018.
             Slain by a hobgoblin (4 damage)
             ... on level 1 of the Dungeon.
             The game lasted 00:02:01 (380 turns).

Holzbalken the Stinger (Merfolk Venom Mage)          Turns: 380, Time: 00:02:03

Health: 0/19       AC:  3    Str:  8    XL:     2   Next: 0%
Magic:  0/5        EV: 12    Int: 14    God:
Gold:   1          SH:  0    Dex: 14    Spells: 4/5 levels left

rFire    . . .     SeeInvis .   (no weapon)
rCold    . . .     Gourm    .   (no shield)
rNeg     . . .     Faith    .   b - +0 leather armour
rPois    .         Spirit   .   (no helmet)
rElec    .         Reflect  .   (no cloak)
rCorr    .         Harm     .   (no gloves)
MR       .....                  (no boots)
Stlth    ++........             (no amulet)
HPRegen  0.06/turn              (no ring)
MPRegen  0.09/turn              (no ring)

@: no status effects
A: change form in water, swift swim, stealthy swim
a: no special abilities


You were on level 1 of the Dungeon.
You were not hungry.

You visited 1 branch of the dungeon, and saw 1 of its levels.

You collected 1 gold pieces.

Inventory:

Armour
 a - a +0 robe
 b - a +0 leather armour (worn)
Potions
 d - a potion of heal wounds {unknown}
Comestibles
 c - a ration
 f - 2 chunks of flesh


   Skills:
 + Level 2.9 Dodging
 - Level 2.1 Stealth
 + Level 2.1 Spellcasting
 + Level 1.0 Conjurations
 + Level 3.4 Poison Magic


You had 4 spell levels left.
You knew the following spells:

 Your Spells              Type           Power        Failure   Level  Hunger
a - Sting                 Conj/Pois      #...         14%         1    #......

Your spell library contained the following spells:

 Spells                   Type           Power        Failure   Level  Hunger
 Poisonous Vapours        Pois/Air       #.....       26%         2    ###....
 Mephitic Cloud           Conj/Pois/Air  #.......     50%         3    ###....
 Olgreb's Toxic Radiance  Pois           ##......     63%         4    #####..
 Venom Bolt               Conj/Pois      #.........   98%         5    ######.


Dungeon Overview and Level Annotations

Branches:
Dungeon (1/15)

Altars:


Message History

The jackal is almost dead.
The jackal bites you.
* * * LOW HITPOINT WARNING * * *
You closely miss the jackal.
The jackal is almost dead.
The jackal closely misses you. The jackal completely misses you.
Casting: Sting (safe; 14% risk of failure)
Confirm with . or Enter, or press ? or * to list all spells.
Aiming: Sting (safe; 14% risk of failure)
Press: ? - help, Shift-Dir - straight line, f/p - hobgoblin
Aim: a hobgoblin The sting hits the jackal.
The jackal is poisoned.
You kill the jackal!
You have reached level 2!
You barely miss the hobgoblin.
A frilled lizard comes into view.
You barely miss the hobgoblin. The hobgoblin barely misses you.
The frilled lizard hisses angrily.
You hit the hobgoblin but do no damage. The hobgoblin hits you.
You die...

## ###### #.
##.l...## #####.
#........ #.....
.......# #.###.
#..>...#. #.
#K.....K.# #.# #.
#g# ..#.# #.###.
#@####...# ##.....
#........# #......
###.###.## #.####.
####...##.####.###..
+...................
####...........##...
##..##.#.#..##.#.
##.#..#.#..##.##
#.#.##.#......


You could see a hobgoblin, a kobold and a frilled lizard.

Vanquished Creatures
  A giant cockroach (D:1)
  2 jackals (D:1)
  A frilled lizard (D:1)
  A goblin (D:1)
  A kobold (D:1)
  A rat (D:1)
7 creatures vanquished.

Notes
Turn   | Place    | Note
-------+----------+-------------------------------------------
     0 | D:1      | Holzbalken the Merfolk Venom Mage began the quest for the
                  | Orb.
     0 | D:1      | Reached XP level 1. HP: 13/13 MP: 3/3
   362 | D:1      | Reached skill level 1 in Conjurations
   377 | D:1      | Reached XP level 2. HP: 4/19 MP: 0/5
   380 | D:1      | Slain by a hobgoblin

Vault maps used:
D:1:      eino_arrival_cavern_b, minmay_split_cup_small

Skill      XL: |  1 |
---------------+----+-----
Conjurations   | 1 |  1.0
Dodging        | |  2.9
Stealth        | |  2.1
Spellcasting   | |  2.1
Poison Magic   | |  3.4

Action                   || total
-------------------------++-------
Melee: Unarmed           ||    39
 Cast: Sting             ||     9
Armor: Leather armour    ||    13
Dodge: Dodged            ||    24

Table legend:
 A = Non-vault XP
 B = Vault XP
 C = Vault XP percentage of total XP
 D = Non-vault monster count
 E = Vault monster count
 F = Vault count percentage of total count
                 A         B        C        D         E       F
            +---------+---------+-------+---------+---------+-------
      Total |      10 |       0 |   0.0 |       7 |       0 |   0.0
            +---------+---------+-------+---------+---------+-------
        D:1 |      10 |       0 |   0.0 |       7 |       0 |   0.0
            +---------+---------+-------+---------+---------+-------
